 Dungeon Crawl Stone Soup version 0.30.1-11-g7821555f0a (webtiles) character file.

Game seed: 10448310785328873271

110 Dirol the Cudgeller (level 4, -2/38 HPs)
             Began as a Minotaur Gladiator on Jan 3, 2024.
             Slain by a gnoll
             ... wielding a +0 halberd
              (6 damage)
             ... on level 3 of the Dungeon.
             The game lasted 00:15:45 (1101 turns).

Dirol the Cudgeller (Minotaur Gladiator)            Turns: 1101, Time: 00:15:49

Health: -2/38      AC:  2    Str: 25    XL:     4   Next: 61%
Magic:  3/3        EV: 12    Int:  4    God:
Gold:   97         SH:  0    Dex: 10    Spells: 3/3 levels left

rFire   . . .        k - +0 mace
rCold   . . .        (no shield)
rNeg    . . .        o - +0 ring mail
rPois   .            (helmet unavailable)
rElec   .            (no cloak)
rCorr   .            (no gloves)
SInv    .            (no boots)
Will    .....        g - amulet of faith Stlth
                     (no ring)
HPRegen 0.26/turn    (no ring)
MPRegen 0.08/turn

%: faith
@: hasted, very quick
A: horns 3, retaliatory headbutt, deformed body, strong 1
a: no special abilities


You were on level 3 of the Dungeon.
You visited 1 branch of the dungeon, and saw 3 of its levels.

You collected 97 gold pieces.

Inventory:

Hand Weapons
 a - a +0 flail
 h - a +0 short sword
 k - a +0 mace (weapon)
Missiles
 d - 3 throwing nets
 e - a javelin (quivered)
 m - 11 stones
Armour
 b - a +0 leather armour
 c - a +0 hat
 l - a +0 robe
 o - a +0 ring mail (worn)
Jewellery
 g - an amulet of faith (around neck)
Scrolls
 f - a scroll of magic mapping {unknown}
 j - 2 scrolls of vulnerability
 n - a scroll of identify {unknown}
Potions
 i - a potion of haste
 p - 2 potions of curing {unknown}


   Skills:
 + Level 3.0 Fighting
 + Level 5.3 Maces & Flails
 + Level 2.1 Throwing
 + Level 1.1 Armour
 + Level 4.2 Dodging


You had 3 spell levels left.
You didn't know any spells.
Your spell library was empty.

Dungeon Overview and Level Annotations

Branches:
Dungeon (3/15)

Altars:
Cheibriados
Dithmenos

Shops:
D:3 [


Innate Abilities, Weirdness & Mutations

You have a pair of large horns on your head.
You reflexively headbutt those who attack you in melee.
Armour fits poorly on your strangely shaped body.
Your muscles are strong. (Str +4, Int/Dex -1)


Message History

You hit the goblin.
The goblin is heavily wounded.
The goblin barely misses you.
You thump the goblin!
You kill the goblin!
Things that are here:
a +0 dagger; a goblin corpse
p - 2 fizzy red potions
Found an escape hatch in the floor.
There is an escape hatch in the floor here.
An adder comes into view.
The adder hisses angrily.
You hear a shout!
A hobgoblin comes into view.
You hear a shout! x3
You hit the adder.
The adder is moderately wounded.
The adder completely misses you. You furiously retaliate!
You headbutt the adder!
You kill the adder!
You closely miss the hobgoblin. The hobgoblin barely misses you.
You furiously retaliate!
You headbutt the hobgoblin!
You kill the hobgoblin!
A gnoll comes into view. It is wielding a +1 halberd of flaming.
The gnoll closely misses you.
A gnoll comes into view. It is wielding a +0 halberd.
Found a shadowy altar of Dithmenos.
The gnoll hits you from afar with a +1 halberd of flaming.
The gnoll burns you.
The gnoll hits you from afar with a +1 halberd of flaming!
The gnoll burns you. The gnoll closely misses you.
The gnoll hits you from afar with a +0 halberd!
* * * LOW HITPOINT WARNING * * *
It was a potion of haste.
You feel yourself speed up.
The gnoll hits you from afar with a +1 halberd of flaming.
* * * LOW HITPOINT WARNING * * *
The gnoll burns you.
* * * LOW HITPOINT WARNING * * *
The gnoll hits you from afar with a +0 halberd.
You die...

## .. .#
##§§
####§#§#
#.§@§g§§
##.##§#§#
#....#g§
#>#####§
#.# #.#
#.# #.#
#.#


You could see 2 gnolls.

Vanquished Creatures
  Jessica (D:2)
  5 adders
  2 worms (D:2)
  2 dart slugs (D:2)
  3 endoplasms
  3 goblins
  6 hobgoblins
  2 quokkas (D:2)
  A ball python (D:1)
  4 bats
  3 kobolds
  A rat (D:1)
33 creatures vanquished.

Notes
Turn   | Place    | Note
-------+----------+-------------------------------------------
     0 | D:1      | Dirol the Minotaur Gladiator began the quest for the Orb.
     0 | D:1      | Reached XP level 1. HP: 18/18 MP: 0/0
   280 | D:1      | Gained mutation: Armour fits poorly on your strangely
                  | shaped body. [potion of mutation]
   280 | D:1      | Gained mutation: Your muscles are strong. (Str +4, Int/Dex
                  | -1) [potion of mutation]
   280 | D:1      | Gained mutation: You have a pair of large horns on your
                  | head. [potion of mutation]
   318 | D:1      | Reached skill level 4 in Maces & Flails
   324 | D:1      | Reached XP level 2. HP: 25/25 MP: 1/1
   634 | D:2      | Reached XP level 3. HP: 24/30 MP: 2/2
   683 | D:2      | Noticed Jessica
   688 | D:2      | Killed Jessica
   764 | D:2      | Reached skill level 5 in Maces & Flails
   764 | D:2      | Reached XP level 4. HP: 37/37 MP: 3/3
   825 | D:2      | Reached skill level 1 in Armour
   896 | D:3      | Found a snail-covered altar of Cheibriados.
  1021 | D:3      | Found Bepheol's Armour Shoppe.
  1098 | D:3      | Found a shadowy altar of Dithmenos.
  1101 | D:3      | Slain by a gnoll

Illustrated notes

Levels and vault maps discovered:
D:1:      matt_arrival_spirals, layout_basic
D:2:      layout_loops_ring, st_stairs_10, nicolae_elevator_lobby_asterisk,
          uniq_jessica
D:3:      layout_loops_ring, amcnicky_altar_gilded,
          grunt_dithmenos_smoke_and_mirrors, serial_shops, nicolae_shop_stone,
          minivault_23

Skill      XL: |  1  2  3  4 |
---------------+-------------+-----
Maces & Flails | 4 5 |  5.3
Fighting       | 3 |  3.0
Dodging        | 4 |  4.2
Armour         | 1 |  1.1
Throwing       | |  2.1

Action                     |  1- 3 |  4- 6 || total
---------------------------+-------+-------++-------
  Melee: Flail             |    38 |       ||    38
         Headbutt          |     6 |     1 ||     7
         Mace              |       |    11 ||    11
    Use: Potion            |     3 |     1 ||     4
         Scroll            |     2 |       ||     2
 Armour: Leather armour    |     4 |       ||     4
  Dodge: Dodged            |    19 |    10 ||    29
